 Dungeon Crawl Stone Soup version 0.17-a0-1949-g1acca9a (webtiles) character file.

629649 Kuldar the Axe Maniac (level 27, -1/276 HPs)
             Began as a Deep Dwarf Berserker on Oct 1, 2015.
             Was a High Priest of Makhleb.
             Slain by a stone giant (29 damage)
             ... created by the rage of Trog
             ... on level 3 of the Abyss on Oct 2, 2015.
             The game lasted 07:11:59 (62853 turns).

Kuldar the Axe Maniac (Deep Dwarf Berserker)       Turns: 62853, Time: 07:12:03

Health: -1/276     AC: 42    Str: 44      XL:     27
Magic:  33/33      EV: 23    Int:  9      God:    Makhleb [*****.]
Gold:   4804       SH: 32    Dex: 17 (18) Spells: 0 memorised, 26 levels left

rFire  + + +     SeeInvis +     d - +8 hand axe of Levity {chop, MR+ Str+3 Dex-2 SInv}
rCold  + . .     Clarity  .     S - +8 plate armour of the Trilobite {rC+ Str+2}
rNeg   + + +     SustAt   .     T - +4 large shield {AC+3}
rPois  +         Gourm    .     l - +2 helmet "Cosis" {+Inv rElec rC+ rN++}
rElec  +         Spirit   .     R - -3 cloak "Fydghoro" {rF+ rC- Dex+10 Stlth+}
rCorr  .         Warding  .     X - +1 pair of gloves {Dex+3}
rMut   .         Stasis   .     i - +1 pair of boots {Fly}
MR     +++++                    h - amulet of faith
Stlth  ..........               D - ring "Pigid" {+Fly rPois rN+ MR+}
                                w - ring of Wishful Thinking {rF+ rN+ Str+4 Dex-5}

@: flying, very slightly contaminated, non-regenerating, invisible, almost
entirely resistant to hostile enchantments, extremely unstealthy
A: damage resistance, recharge devices, hooves 1, rugged brown scales 1, thin
metallic scales 1, thin skeletal structure 1, blurry vision 1, clumsy 1,
deterioration 1, fire resistance 1, negative energy resistance 1, sense
surroundings 3, slow healing 3, spit poison 1, strong 1, subdued magic 1
a: Device Recharging, Spit Poison, Minor Destruction, Lesser Servant of Makhleb,
Major Destruction, Greater Servant of Makhleb, Renounce Religion, Stop Flying
}: 3/15 runes: decaying, silver, gossamer


You were on level 3 of the Abyss.
You worshipped Makhleb.
Makhleb was extremely pleased with you.
You were not hungry.

You visited 10 branches of the dungeon, and saw 51 of its levels.
You visited the Abyss 3 times.
You also visited: Labyrinth.

You collected 7808 gold pieces.
You spent 2696 gold pieces at shops.

Inventory:

Hand weapons
 d - the +8 hand axe of Levity (weapon) {chop, MR+ Str+3 Dex-2 SInv}
   (Trog gifted it to you on level 3 of the Elven Halls)

   It inflicts extra damage upon your enemies.
   It affects your strength (+3).
   It affects your dexterity (-2).
   It affects your resistance to hostile enchantments.
   It lets you see invisible.
 m - the +9 war axe of Epojaq {chop, Str+7}
   (You found it on level 4 of the Lair of Beasts)

   It inflicts extra damage upon your enemies.
   It affects your strength (+7).
 o - the +9 dagger of Chilly Death {flash freeze, rPois rF- rC++ MR+}
   (You found it on level 14 of the Dungeon)

   It has been specially enchanted to freeze those struck by it, causing extra
   injury to most foes and up to half again as much damage against particularly
   susceptible opponents.
   It can also slow down cold-blooded creatures.
   It makes you vulnerable to fire.
   It greatly protects you from cold.
   It protects you from poison.
   It affects your resistance to hostile enchantments.
Armour
 i - a +1 pair of boots of flying (worn)
 l - the +2 helmet "Cosis" (worn) {+Inv rElec rC+ rN++}
   (You found it on level 3 of the Swamp)

   It protects you from cold.
   It insulates you from electricity.
   It greatly protects you from negative energy.
   It lets you turn invisible.
 R - the -3 cloak "Fydghoro" (worn) {rF+ rC- Dex+10 Stlth+}
   (You found it on level 3 of the Spider Nest)

   It affects your dexterity (+10).
   It protects you from fire.
   It makes you vulnerable to cold.
   It makes you more stealthy.
 S - the +8 plate armour of the Trilobite (worn) {rC+ Str+2}
   (You took it off a deep elf master archer on level 3 of the Elven Halls)

   It affects your strength (+2).
   It protects you from cold.
 T - a +4 large shield of protection (worn)
 X - a +1 pair of gloves of dexterity (worn)
Jewellery
 g - an uncursed amulet of resist corrosion
 h - an amulet of faith (around neck)
 w - the ring of Wishful Thinking (left hand) {rF+ rN+ Str+4 Dex-5}
   (You took it off a deep elf mage on level 3 of the Elven Halls)

   [ring of strength]

   It affects your strength (+4).
   It affects your dexterity (-5).
   It protects you from fire.
   It protects you from negative energy.
 y - an uncursed amulet of resist mutation
 D - the ring "Pigid" (right hand) {+Fly rPois rN+ MR+}
   (You found it on level 6 of the Lair of Beasts)

   [ring of flight]

   It protects you from poison.
   It protects you from negative energy.
   It affects your resistance to hostile enchantments.
   It lets you fly.
 E - the amulet "Telomnal" {Clar Int+5 Dex+4}
   (You bought it in a shop on level 5 of the Vaults)

   [amulet of clarity]

   It provides mental clarity.
   It affects your intelligence (+5).
   It affects your dexterity (+4).
 F - an uncursed ring of sustain attributes
Magical devices
 a - a wand of invisibility (2)
 c - a wand of heal wounds (3)
 f - a wand of heal wounds (7)
 s - a wand of hasting (3)
 O - a wand of teleportation (4)
 W - a wand of invisibility (4)
 Y - a wand of teleportation (8)
 Z - a wand of digging (8)
Scrolls
 b - a scroll of brand weapon
 e - 4 scrolls of blinking
 k - 29 scrolls of remove curse
 n - a scroll of recharging
 t - 4 scrolls of teleportation
 v - 9 scrolls of immolation
 I - 4 scrolls of summoning
 K - 14 scrolls of identify
 M - 7 scrolls of magic mapping
 P - 11 scrolls of fear
 U - 9 scrolls of fog
Potions
 p - 14 potions of lignification
 r - 8 potions of haste
 u - 10 potions of flight
 x - 20 potions of curing
 z - 4 potions of resistance
 A - 8 potions of might
 B - 3 potions of invisibility
 C - 13 potions of brilliance
 H - 7 potions of berserk rage
 J - 4 potions of agility
 L - 6 potions of ambrosia
 Q - 5 potions of heal wounds
 V - 2 potions of cancellation
Comestibles
 j - 12 beef jerkies
 q - 2 meat rations
 G - 4 bread rations
 N - 45 fruits


   Skills:
 - Level 20.0 Fighting
 O Level 27 Axes
 - Level 21.0 Armour
 - Level 21.0 Dodging
 - Level 21.0 Shields
 * Level 13.5 Invocations


You had 26 spell levels left.
You didn't know any spells.

Dungeon Overview and Level Annotations

Branches:
Dungeon (15/15)            Temple (1/1) D:4            Lair (8/8) D:9
  Swamp (4/4) Lair:4       Spider (4/4) Lair:3        Slime (0/6) Lair:6
    Orc (4/4) D:9             Elf (3/3) Orc:4        Vaults (5/5) D:13
  Crypt (0/3) Vaults:3     Depths (5/5) D:15            Zot (2/5) Depths:5

Altars:
Ashenzari
Cheibriados
Dithmenos
Elyvilon
Fedhas
Gozag
Kikubaaqudgha
Makhleb
Nemelex Xobeh
Okawaru
Qazlal
Ru
Sif Muna
Trog
Vehumet
Xom
Yredelemnul
Zin
The Shining One
Beogh
Lugonu

Shops:
D:15 %   Orc:4 [=!*   Vaults:5 =}=   Depths:1 (

Portals:
Hell: Depths:1 Depths:2 Depths:3 Depths:4 Depths:5
Abyss: Depths:4 Depths:5
Pandemonium: Depths:1 Depths:3
Ziggurat: Depths:5
Trove: Depths:2 (give wand of hasting (8))

Annotations:
Depths:5 exclusions: door and 1 more exclusion


Innate Abilities, Weirdness & Mutations

You are resistant to damage.
You can recharge devices by infusing magical energy.
You resist negative energy.
You passively map a large area around you.
You do not heal naturally.
You have large cloven feet.
You are partially covered in rugged brown scales (AC +1, +3% HP).
You are partially covered in thin metallic scales (AC +2).
You have a somewhat thin skeletal structure (Dex +2, Stealth).
Scrolls take you a little longer to read.
Your body sometimes deteriorates upon taking damage.
Your flesh is heat resistant.
You can spit weak poison.
Your muscles are strong. (Str +2)
[You are clumsy. (Dex -2)]
[Your spells are a little easier to cast, but a little less powerful.]


Message History

The stone giant barely misses you. You block the stone giant's attack.
The smoke demon gestures at you. The sticky flame misses you.
A starcursed mass splits.
A cacophony of accursed wailing tears at your sanity!
* * * LOW HITPOINT WARNING * * *
You shrug off the repeated paralysis!
The hill giant is engulfed in a cloud of scalding steam.
You block the hill giant's attack. You block the stone giant's attack.
An ancient zyme comes into view.
Evoke which item? (* to show all) (? for menu, Esc to quit)
Zapping:
c - a wand of heal wounds (4)
Press: ? - help, Shift-Dir - straight line, f - you You feel much better.
This wand has 3 charges left.
You hear a shout!
You block the stone giant's attack. x3
A starcursed mass splits.
The stone giant completely misses you.
A starcursed mass splits.
The hill giant is engulfed in a cloud of scalding steam.
The stone giant hits you!!
You die...

#..# #. . # ..
..#..#.# .. #. #
###.....#.. . # .. .
.. #.....#.. .# #.#
. .X#... ...##...###
..#.# #X.
X......##X##. ....#
..C
#.#...XX#.X##...#
#.###X#.
..##.XC..§#### #.#
#.....XXXXTC@.....#
# # #.
.#.xXX.XC#§§#..#
..#.......#.#..X.C.3
§ .#.. ##...
##..######3 ..#...
#.........
###............##
........#..##.
##.#.# ...## #. # .#
..


You could see 13 starcursed masses, 3 stone giants, a hill giant (berserk), an
ancient zyme, a troll (berserk) and a smoke demon.

Vanquished Creatures
  An ancient lich (Vaults:5)
  A juggernaut (Depths:3)
  Norris (Spider:2)
  6 caustic shrikes
  4 golden dragons
  Nikola (Vaults:3)
  Jory (Depths:2)
  2 profane servitors
  Xtahua (Depths:3)
  4 bone dragons
  Jorgrun (Depths:3)
  An electric golem (Zot:1)
  11 tentacled monstrosities
  A Hell Sentinel (Abyss:3)
  5 liches
  3 deep elf blademasters
  2 deep elf master archers (Elf:3)
  7 titans
  An Executioner (Abyss:1)
  A quicksilver dragon (Vaults:5)
  2 thorn hunters (Swamp:4)
  Gastronok (Lair:1)
  5 death cobs
  4 shadow dragons
  14 tentacled starspawn
  9 storm dragons
  5 sphinxes
  3 draconian monks
  2 daevas (Abyss:1)
  8 deep elf sorcerers
  7 tengu reavers
  An iron dragon (Depths:1)
  A draconian knight (Zot:1)
  16 vault wardens
  14 fire giants
  4 draconian scorchers
  A draconian zealot (Zot:2)
  Aizul (Vaults:2)
  A balrug (Abyss:1)
  Louise (Elf:1)
  3 draconian shifters
  3 caustic shrike zombies
  16 frost giants
  5 ghost moths
  2 cacodemons (Abyss:3)
  13 ironheart preservers
  10 emperor scorpions
  An orc warlord (Orc:4)
  23 stone giants
  An angel (Abyss:3)
  A war gargoyle (Vaults:5)
  A reaper (Abyss:3)
  25 very ugly things
  A draconian annihilator (Zot:1)
  4 spriggan defenders
  An ophan (Abyss:3)
  A caustic shrike skeleton (Depths:2)
  A juggernaut skeleton (Depths:2)
  2 green draconians
  5 vampire knights
  8 deep elf demonologists
  A draconian caller (Zot:1)
  3 salamander stormcallers
  2 red draconians (Zot:2)
  Azrael (Elf:2)
  10 black draconians
  3 white draconians
  3 mottled draconians (Zot:1)
  7 deep elf annihilators (Elf:3)
  6 purple draconians
  6 yellow draconians
  3 eidola
  22 ettins
  Snorg (Orc:2)
  7 deep elf death magi
  A crystal guardian (Vaults:4)
  A quicksilver dragon zombie (Depths:2)
  A minotaur (Lab)
  13 fire dragons
  A green death (Depths:1)
  10 great orbs of eyes
  8 entropy weavers
  A jiangshi (Vaults:3)
  27 vault guards
  19 yaktaur captains
  5 rakshasas
  6 deep elf high priests
  17 ice dragons
  2 naga warriors (Abyss:3)
  An entropy weaver (shapeshifter) (D:15)
  10 spriggan air magi
  7 centaur warriors
  18 hydras
  A ghost crab (shapeshifter) (Vaults:3)
  An anaconda (shapeshifter) (Depths:3)
  Erica (D:8)
  2 ghost crabs
  2 catoblepae
  18 dancing weapons
  A spectral fire giant (Depths:2)
  4 alligators
  A queen ant (shapeshifter) (Vaults:5)
  10 ogre magi
  18 thrashing horrors
  14 deep troll shamans
  13 spriggan berserkers
  2 vampire magi
  7 orc high priests (Orc:4)
  12 deep troll earth magi
  2 hell hogs (Abyss:3)
  A titan zombie (Depths:2)
  Urug (Orc:2)
  3 tengu warriors
  4 soul eaters
  4 sun demons
  Sonja (D:11)
  26 deep elf knights
  13 hell knights
  5 iron trolls
  2 skeletal warriors (Depths:2)
  23 wretched stars
  6 fire crabs
  A salamander mystic (Depths:1)
  An ice devil (Abyss:3)
  27 small abominations
  A storm dragon skeleton (Depths:3)
  A fire crab (shapeshifter) (D:15)
  6 spatial maelstroms (Abyss:3)
  61 starcursed masses
  2 shadow wraiths
  13 hill giants
  2 golden dragon zombies
  4 phantasmal warriors
  41 deep trolls
  5 unseen horrors
  19 deep elf summoners
  5 shambling mangroves
  8 orc knights
  4 flayed ghosts
  8 giant orange brains
  9 swamp dragons
  A sphinx zombie (Vaults:3)
  An anubis guard (shapeshifter) (Depths:3)
  A golden dragon skeleton (Depths:2)
  3 wizards
  13 ironbrand convokers
  A faun (shapeshifter) (Vaults:3)
  9 necromancers
  7 orc sorcerers
  2 sixfirhies
  A hornet (shapeshifter) (D:15)
  14 deep elf conjurers
  3 griffons
  A manticore (D:15)
  5 orb spiders
  A cyclops (shapeshifter) (Vaults:1)
  A shining eye (Abyss:3)
  3 frost giant zombies
  A stone giant zombie (Vaults:1)
  A salamander (shapeshifter) (Vaults:3)
  3 salamanders (Depths:1)
  72 ugly things
  29 wolf spiders
  6 hornets
  A frost giant skeleton (Vaults:5)
  A wolf spider (shapeshifter) (Vaults:3)
  6 worldbinders (Abyss:3)
  A black mamba (shapeshifter) (Depths:3)
  An octopode (shapeshifter) (Depths:4)
  2 cyclopes (Vaults:2)
  2 centaur zombies
  16 moths of wrath
  An elephant (shapeshifter) (Depths:4)
  A manticore (shapeshifter) (Vaults:4)
  Maurice (D:13)
  2 elephants (Lair:4)
  13 vault sentinels
  3 gargoyles
  3 rust devils
  11 smoke demons
  2 guardian serpents (Abyss:3)
  An apocalypse crab (Abyss:3)
  5 black mambas
  A storm dragon simulacrum (Vaults:5)
  3 orange demons
  8 komodo dragons
  2 spiny frogs (shapeshifter)
  3 human zombies (Vaults:3)
  15 spiny frogs
  2 fire drakes
  2 redback zombies
  A hellion (Abyss:3)
  A yaktaur (shapeshifter) (Depths:2)
  4 spriggan druids
  2 hellwings (Abyss:3)
  3 efreet (Abyss:3)
  A spriggan skeleton (Depths:2)
  9 demonic crawlers
  20 jumping spiders
  2 blue devils
  69 yaktaurs
  A queen bee (Orc:3)
  A red devil (Abyss:1)
  A shadow dragon simulacrum (Vaults:3)
  A troll (shapeshifter) (Depths:2)
  16 deep elf priests
  7 tengu conjurers
  2 two-headed ogres (shapeshifter)
  16 ancient zymes
  9 trolls
  10 freezing wraiths
  A polar bear (shapeshifter) (Depths:4)
  8 polar bears
  2 queen bees (shapeshifter)
  3 bog bodies (Swamp:3)
  An ettin zombie (Vaults:5)
  11 blink frogs
  60 raiju
  10 giant leeches
  A human simulacrum (Vaults:3)
  A slime creature (shapeshifter) (Vaults:5)
  3 boulder beetles
  22 two-headed ogres
  52 slime creatures
  8 air elementals
  2 frost giant simulacra
  4 water elementals (Abyss:3)
  Sigmund (D:2)
  3 flying skulls (Abyss:3)
  43 large abominations
  35 spriggans
  32 yaks
  2 vampires
  51 redbacks
  33 killer bees
  11 ynoxinuls
  3 basilisks
  33 deep elf magi
  A tarantella (shapeshifter) (D:13)
  22 tarantellas
  4 shadows
  4 wraiths
  Eustachio (D:6)
  5 fire elementals (Elf:2)
  An elf skeleton (Depths:2)
  A salamander simulacrum (Vaults:1)
  A basilisk (shapeshifter) (Depths:1)
  21 trapdoor spiders
  25 vampire mosquitoes
  A steam dragon (shapeshifter) (Abyss:3)
  2 hungry ghosts
  3 spatial vortices (Abyss:3)
  A wyvern (D:9)
  A steam dragon (Lair:6)
  4 hippogriffs
  A hippogriff (shapeshifter) (Vaults:1)
  16 chaos spawn
  38 deep elf fighters
  16 neqoxecs
  3 mottled dragons
  3 wargs
  5 insubstantial wisps (Swamp:1)
  Edmund (D:4)
  23 swamp worms
  A soldier ant (shapeshifter) (Depths:4)
  19 wolves (Lair:8)
  A yaktaur simulacrum (Vaults:1)
  11 hell hounds
  A water moccasin (shapeshifter) (Vaults:2)
  6 water moccasins
  Duvessa (D:4)
  2 deep troll skeletons (Vaults:5)
  29 spiders
  17 swamp drakes
  6 porcupines
  5 ice beasts
  3 phantoms
  4 sky beasts
  66 orc warriors
  An eye of draining (Abyss:3)
  2 eyes of draining (shapeshifter)
  33 wasps
  3 boggarts (Depths:3)
  11 centaurs
  A centaur (shapeshifter) (Vaults:5)
  A necrophage (D:7)
  60 ogres
  5 black bears (Lair:8)
  2 snapping turtle skeletons (Abyss:3)
  A gnoll sergeant (D:5)
  12 giant frogs
  Blork the orc (D:6)
  3 big kobolds
  17 crocodiles
  7 brain worms
  A deep troll simulacrum (Vaults:3)
  A water moccasin zombie (D:8)
  2 human skeletons (Vaults:3)
  Dowan (D:4)
  2 earth elementals (Abyss:3)
  4 scorpions
  A wyvern skeleton (D:11)
  6 wights
  11 crimson imps
  29 orc priests
  An electric eel (Lair:4)
  10 iron imps
  4 giant frog skeletons
  9 jellies
  2 centaur skeletons
  3 hounds
  2 hell rats (Lair:6)
  18 worker ants
  6 iguanas
  2 quasits
  Natasha (twice) (D:2)
  32 orc wizards
  9 sheep
  2 hound skeletons
  2 hound zombies (D:9)
  2 worker ant zombies
  4 gnolls (D:5)
  17 adders
  11 shadow imps
  26 river rats
  7 white imps
  2 oozes (D:5)
  An adder zombie (D:5)
  2 adder skeletons
  3 worms
  4 giant geckos
  291 orcs
  4 giant cockroaches
  4 goblins
  7 hobgoblins
  3 quokkas
  A ball python (D:1)
  6 bats
  7 giant newts
  12 jackals
  A jackal zombie (D:8)
  25 kobolds
  A quokka zombie (D:5)
  10 rats
  2 butterflies (Lair:4)
  8 crawling corpses
  3 fire vortices (Vaults:5)
  4 fungi
  2 lurking horrors (Abyss:3)
  4 plants
  15 starspawn tentacles
3008 creatures vanquished.

Vanquished Creatures (collateral kills)
  2 caustic shrikes (Depths:2)
  An iron dragon (Depths:2)
  5 hydras
  A catoblepas (Lair:4)
  An alligator (Swamp:1)
  4 death yaks (Lair:7)
  A flayed ghost (Depths:2)
  A griffon (Lair:7)
  2 black mambas
  Joseph (Lair:1)
  4 elephants (Lair:4)
  5 spiny frogs
  A torpor snail (Lair:4)
  2 komodo dragons
  2 fire drakes (Lair:6)
  A freezing wraith (Vaults:2)
  6 blink frogs
  3 spriggans (Swamp:1)
  16 yaks
  A basilisk (Lair:1)
  3 hippogriffs
  3 vampire mosquitoes (Swamp:4)
  7 porcupines
  3 insubstantial wisps (Swamp:1)
  2 swamp drakes (Swamp:4)
  2 water moccasins (Lair:6)
  16 swamp worms
  3 wasps (Swamp:1)
  7 ice beasts (Lair:3)
  5 crocodiles
  5 giant frogs
  A brain worm (Lair:4)
  4 electric eels (Lair:4)
  A jelly (Lair:6)
  3 iguanas
  5 hell rats (Lair:6)
  A sheep (Lair:7)
  16 river rats
  5 worms (Lair:4)
  5 butterflies
  2 plants
159 creatures vanquished.

Vanquished Creatures (others)
  A bone dragon (Abyss:3)
  A titan (Vaults:5)
  An eldritch tentacle (Vaults:5)
  A tengu reaver (Vaults:5)
  A shadow dragon (Vaults:5)
  A merfolk impaler (Lair:7)
  A draconian knight (Zot:1)
  A draconian scorcher (Zot:1)
  2 stone giants
  3 large abominations
  A salamander stormcaller (Vaults:5)
  A red draconian (Zot:1)
  A white draconian (Zot:1)
  A vault guard (Vaults:5)
  A rakshasa (Vaults:2)
  Fannar (Orc:1)
  2 yaktaur captains (Vaults:2)
  2 ogre magi
  An alligator (Swamp:4)
  3 deep elf knights
  A necromancer (Vaults:3)
  An ironbrand convoker (Vaults:2)
  A cyclops (Vaults:2)
  A vault sentinel (Vaults:2)
  A spiny frog (Swamp:4)
  A yaktaur (Vaults:2)
  An ancient zyme (Abyss:3)
  A deep elf priest (Vaults:5)
  A troll (Vaults:5)
  2 two-headed ogres (Vaults:4)
  A deep elf mage (Elf:3)
  A trapdoor spider (Spider:4)
  An alligator skeleton (Abyss:3)
  A deep elf fighter (Elf:1)
  A warg (Vaults:5)
  A hell hound (Abyss:3)
  A brain worm (Abyss:3)
  3 killer bees (D:8)
  An iron imp (Abyss:3)
  A worm (Abyss:3)
  2 orcs
  5 bushes
  97 eldritch tentacle segments (Vaults:5)
  7 fungi
  4 lurking horrors (Abyss:3)
  5 plants
  34 starspawn tentacles (Abyss:3)
  506 starspawn tentacle segments
710 creatures vanquished.

Grand Total: 3877 creatures vanquished

Notes
Turn   | Place    | Note
--------------------------------------------------------------
     0 | D:1      | Kuldar the Deep Dwarf Berserker began the quest for the Orb.
     0 | D:1      | Reached XP level 1. HP: 20/20 MP: 1/1
   258 | D:1      | Reached XP level 2. HP: 22/27 MP: 2/2
   302 | D:1      | Reached skill level 1 in Shields
   754 | D:2      | Noticed Sigmund
   773 | D:2      | Killed Sigmund
   773 | D:2      | Reached skill level 4 in Axes
   773 | D:2      | Reached XP level 3. HP: 20/33 MP: 3/3
   773 | D:2      | Reached XP level 4. HP: 24/40 MP: 4/4
   773 | D:2      | Reached XP level 5. HP: 27/46 MP: 5/5
   805 | D:2      | Noticed Natasha
   818 | D:2      | Killed Natasha
   951 | D:2      | Acquired Trog's second power
  1029 | D:2      | Noticed Natasha
  1041 | D:2      | Killed Natasha
  1077 | D:2      | Found a basalt altar of Yredelemnul.
  1387 | D:3      | Reached XP level 6. HP: 34/55 MP: 6/6
  1801 | D:4      | Reached skill level 5 in Axes
  1815 | D:4      | Noticed Edmund
  1836 | D:4      | Noticed Dowan
  1839 | D:4      | Noticed Duvessa
  1853 | D:4      | Killed Edmund
  1853 | D:4      | Reached XP level 7. HP: 61/61 MP: 7/7
  1856 | D:4      | Killed Duvessa
  1856 | D:4      | Reached skill level 5 in Dodging
  1860 | D:4      | Killed Dowan
  1860 | D:4      | Reached skill level 5 in Armour
  2346 | D:4      | Found a staircase to the Ecumenical Temple.
  2522 | D:5      | Entered Level 5 of the Dungeon
  2739 | D:5      | Reached XP level 8. HP: 17/68 MP: 8/8
  2840 | D:5      | Reached skill level 6 in Axes
  2840 | D:5      | Reached skill level 5 in Shields
  2860 | D:5      | Gained mutation: Scrolls take you a little longer to read. [mutagenic meat]
  2861 | D:5      | Gained mutation: You are weak. (Str -2) [mutagenic meat]
  2862 | D:5      | Gained mutation: You have large cloven feet. [mutagenic meat]
  2863 | D:5      | Gained mutation: Your mind is acute. (Int +2) [mutagenic meat]
  3969 | D:6      | Noticed Eustachio
  4003 | D:6      | Killed Eustachio
  4003 | D:6      | Reached skill level 7 in Axes
  4003 | D:6      | Gained mutation: You passively map the area around you. [Deep Dwarf growth]
  4003 | D:6      | Reached XP level 9. HP: 54/74 MP: 9/9
  4027 | D:6      | Noticed Blork the orc
  4046 | D:6      | Killed Blork the orc
  5283 | D:7      | Found a shadowy altar of Dithmenos.
  5672 | D:8      | Reached skill level 8 in Armour
  5801 | D:8      | Noticed Erica
  5817 | D:8      | Killed Erica
  5892 | D:8      | Reached XP level 10. HP: 30/81 MP: 10/10
  6331 | D:8      | Gained mutation: You are resistant to hostile enchantments. [mutagenic meat]
  6332 | D:8      | Gained mutation: Your flesh is heat resistant. [mutagenic meat]
  6484 | D:9      | Found a staircase to the Lair.
  6542 | D:9      | Reached skill level 9 in Armour
  6601 | D:9      | HP: 2/81 [crocodile (14)]
  7146 | D:9      | Found a staircase to the Orcish Mines.
  7234 | D:9      | Got a scintillating granite ring
  7361 | D:9      | Reached skill level 10 in Armour
  7361 | D:9      | Reached skill level 10 in Dodging
  7383 | D:9      | Noticed a red ugly thing
  7505 | D:9      | HP: 1/81 [ogre/giant spiked club (24)]
  7684 | D:9      | Killed a red ugly thing
  7768 | D:9      | Identified the ring "Fisee" {Int+2 Stlth+} (You found it on level 9 of the Dungeon)
  7811 | Lair:1   | Entered Level 1 of the Lair of Beasts
  7909 | Lair:1   | Reached XP level 11. HP: 18/88 MP: 11/11
  7983 | Lair:1   | Hired Pecumnoss the merfolk for 308 gold.
  7984 | Lair:1   | Noticed Joseph
  7994 | Lair:1   | Killed Joseph
  8158 | Lair:1   | Noticed an eight-headed hydra
  8161 | Lair:1   | Killed an eight-headed hydra
  8161 | Lair:1   | Reached skill level 10 in Shields
  8173 | Lair:1   | Noticed Gastronok
  8186 | Lair:1   | Killed Gastronok
  8811 | Lair:2   | Reached skill level 11 in Armour
  9669 | Lair:3   | Found a hole to the Spider Nest.
  9707 | Lair:3   | Found a labyrinth entrance.
  9718 | Lab      | Entered a labyrinth
  9965 | Lab      | Found an exit through the horrors of the Abyss.
  9988 | Lab      | Noticed a minotaur
 10010 | Lab      | Killed a minotaur
 10269 | Lair:3   | Found a frozen archway.
 10424 | Lair:3   | Gained mutation: Your magical capacity is low (-10% MP). [potion of mutation]
 10424 | Lair:3   | Gained mutation: [Your spells are a little easier to cast, but a little less powerful.] [potion of mutation]
 10424 | Lair:3   | Lost mutation: [Your spells are a little easier to cast, but a little less powerful.] [potion of mutation]
 10425 | Lair:3   | Gained mutation: You have a somewhat thin skeletal structure (Dex +2, Stealth). [potion of mutation]
 10425 | Lair:3   | Lost mutation: You are resistant to hostile enchantments. [potion of mutation]
 10426 | Lair:3   | Gained mutation: Scrolls take you longer to read. [potion of mutation]
 10426 | Lair:3   | Gained mutation: You occasionally shout uncontrollably at your foes. [potion of mutation]
 10426 | Lair:3   | Gained mutation: You are partially covered in thin metallic scales (AC +2). [potion of mutation]
 10427 | Lair:3   | Lost mutation: You occasionally shout uncontrollably at your foes. [potion of mutation]
 10427 | Lair:3   | Gained mutation: Scrolls take you much longer to read. [potion of mutation]
 10593 | Lair:3   | Reached XP level 12. HP: 80/96 MP: 10/10
 10998 | Lair:4   | Noticed a catoblepas
 11009 | Lair:4   | Killed a catoblepas
 11282 | Lair:4   | Found a staircase to the Swamp.
 11810 | Lair:4   | Reached skill level 12 in Armour
 11821 | Lair:4   | Got a pitted war axe
 11873 | Lair:4   | Identified the +9 war axe of Epojaq {chop, Str+7} (You found it on level 4 of the Lair of Beasts)
 11977 | Lair:5   | Noticed a four-headed hydra
 11984 | Lair:5   | Killed a four-headed hydra
 11984 | Lair:5   | Reached skill level 10 in Axes
 12117 | Lair:5   | Noticed an eight-headed hydra
 12124 | Lair:5   | Killed a nine-headed hydra
 12742 | Lair:6   | Got a scintillating lead ring
 12744 | Lair:6   | Identified the ring "Pigid" {+Fly rPois rN+ MR+} (You found it on level 6 of the Lair of Beasts)
 12890 | Lair:6   | Acquired Trog's third power
 12968 | Lair:6   | Found a staircase to the Slime Pits.
 13584 | Lair:7   | Noticed a six-headed hydra
 13591 | Lair:7   | Killed a seven-headed hydra
 13647 | Lair:7   | Reached XP level 13. HP: 99/102 MP: 11/11
 13756 | Lair:7   | Noticed a seven-headed hydra
 13765 | Lair:7   | Your ally Pecumnoss died
 13766 | Lair:7   | Killed an eight-headed hydra
 14013 | Lair:7   | Reached skill level 13 in Dodging
 14169 | Lair:8   | Entered Level 8 of the Lair of Beasts
 14675 | Lair:8   | Received a gift from Trog
 15497 | Swamp:1  | Entered Level 1 of the Swamp
 15554 | Swamp:1  | Gained mutation: You resist negative energy. [Deep Dwarf growth]
 15554 | Swamp:1  | Reached XP level 14. HP: 56/109 MP: 12/12
 15788 | Lair:3   | Lost mutation: Your magical capacity is low (-10% MP). [helix card]
 16408 | Swamp:1  | Reached skill level 14 in Dodging
 17990 | Swamp:3  | Got a heavily runed helmet
 17996 | Swamp:3  | Identified the +2 helmet "Cosis" {+Inv rElec rC+ rN++} (You found it on level 3 of the Swamp)
 18278 | Swamp:4  | Entered Level 4 of the Swamp
 18459 | Swamp:4  | Noticed a thorn hunter
 18727 | Swamp:4  | Lost mutation: Scrolls take you much longer to read. [helix card]
 18727 | Swamp:4  | Lost mutation: Your mind is acute. (Int +2) [helix card]
 18728 | Swamp:4  | Lost mutation: You are weak. (Str -2) [helix card]
 18728 | Swamp:4  | Gained mutation: Your body sometimes deteriorates upon taking damage. [helix card]
 18732 | Swamp:4  | Killed a thorn hunter
 18732 | Swamp:4  | Reached skill level 15 in Dodging
 18732 | Swamp:4  | Reached XP level 15. HP: 82/115 MP: 15/15
 18933 | Swamp:4  | Reached skill level 15 in Armour
 18944 | Swamp:4  | Reached skill level 15 in Shields
 19102 | Swamp:4  | Noticed a thorn hunter
 19132 | Swamp:4  | Killed a thorn hunter
 19197 | Swamp:4  | Got a decaying rune of Zot
 19250 | Swamp:4  | Lost mutation: Scrolls take you longer to read. [potion of mutation]
 19250 | Swamp:4  | Gained mutation: You can spit weak poison. [potion of mutation]
 19920 | Orc:1    | Entered Level 1 of the Orcish Mines
 19947 | Orc:2    | Noticed Fannar
 19972 | Orc:1    | Killed Fannar
 19996 | Orc:2    | Noticed Urug
 20015 | Orc:2    | Killed Urug
 20244 | Orc:2    | Noticed Snorg
 20260 | Orc:2    | Killed Snorg
 20644 | Orc:1    | Found a bloodstained altar of Trog.
 21114 | Orc:3    | Found a roughly hewn altar of Beogh.
 21902 | Orc:4    | Entered Level 4 of the Orcish Mines
 22247 | Orc:4    | Received a gift from Trog
 22314 | Orc:4    | Found a roughly hewn altar of Beogh.
 22446 | Orc:4    | Found Jugg's Antique Armour Emporium.
 22457 | Orc:4    | Bought a shadowed robe for 142 gold pieces
 22457 | Orc:4    | Bought a steaming plate armour for 700 gold pieces
 22473 | Orc:4    | Identified the +0 robe of the Shoals {rC+ Dex+3} (You bought it in a shop on level 4 of the Orcish Mines)
 22487 | Orc:4    | Identified the +7 plate armour "Qateapia" {Int+3} (You bought it in a shop on level 4 of the Orcish Mines)
 22517 | Orc:4    | Found Kotis's Jewellery Shoppe.
 22700 | Orc:4    | Received a gift from Trog
 22879 | Orc:4    | Found Lumot's Assorted Antiques.
 22881 | Orc:4    | Received a gift from Trog
 22890 | Orc:4    | Reached skill level 16 in Dodging
 22890 | Orc:4    | Reached XP level 16. HP: 113/122 MP: 16/16
 22905 | Orc:4    | Bought a shiny large shield for 144 gold pieces
 22905 | Orc:4    | Bought a scroll of identify for 64 gold pieces
 22905 | Orc:4    | Bought a potion of curing for 96 gold pieces
 23024 | Orc:4    | Found a staircase to the Elven Halls.
 23486 | Orc:4    | Found Qamiv's Distillery.
 23494 | Orc:4    | Bought a potion of lignification for 51 gold pieces
 23494 | Orc:4    | Bought a potion of mutation for 42 gold pieces
 23494 | Orc:4    | Bought a potion of agility for 68 gold pieces
 23494 | Orc:4    | Bought a potion of lignification for 51 gold pieces
 23494 | Orc:4    | Bought a potion of curing for 51 gold pieces
 23494 | Orc:4    | Bought a potion of heal wounds for 85 gold pieces
 23501 | Orc:4    | Gained mutation: You have a pair of small antennae on your head. [potion of mutation]
 23501 | Orc:4    | Gained mutation: Your muscles are strong. (Str +2) [potion of mutation]
 23513 | Orc:4    | Found a roughly hewn altar of Beogh.
 23990 | Elf:1    | Entered Level 1 of the Elven Halls
 24018 | Elf:1    | Received a gift from Trog
 24125 | Elf:1    | Noticed Louise
 24162 | Elf:1    | Killed Louise
 24597 | Elf:1    | Reached skill level 15 in Axes
 24674 | Elf:1    | Received a gift from Trog
 25219 | Elf:2    | Identified a -3 rod of the swarm (10/10) (You found it on level 2 of the Elven Halls)
 25253 | Elf:2    | Found a radiant altar of Vehumet.
 25342 | Elf:2    | Received a gift from Trog
 25835 | Elf:2    | Found a huge runed gate.
 25835 | Elf:2    | Found a huge runed gate.
 25835 | Elf:2    | Found a huge runed gate.
 25836 | Elf:2    | Found a huge runed gate.
 25838 | Elf:2    | Found a huge runed gate.
 26131 | Elf:2    | Reached XP level 17. HP: 120/129 MP: 17/17
 26141 | Elf:2    | Noticed Azrael
 26175 | Elf:2    | Killed Azrael
 26175 | Elf:2    | Reached skill level 17 in Dodging
 26476 | Elf:3    | Entered Level 3 of the Elven Halls
 26579 | Elf:3    | Noticed a Hell Sentinel
 26580 | Elf:3    | Received a gift from Trog
 26605 | Elf:3    | Got a jewelled hand axe {god gift}
 26608 | Elf:3    | Identified the +8 hand axe of Levity {chop, MR+ Str+3 Dex-2 SInv} (Trog gifted it to you on level 3 of the Elven Halls)
 26901 | Elf:3    | Noticed an Ice Fiend
 26937 | Elf:3    | Noticed a Brimstone Fiend
 27220 | Elf:3    | Got a bound jade ring
 27225 | Elf:3    | Identified the ring of Wishful Thinking {rF+ rN+ Str+4 Dex-5} (You took it off a deep elf mage on level 3 of the Elven Halls)
 27247 | Elf:3    | Got a transparent plate armour
 27266 | Elf:3    | Identified the +8 plate armour of the Trilobite {rC+ Str+2} (You took it off a deep elf master archer on level 3 of the Elven Halls)
 27313 | Elf:3    | Got a slimy platinum ring
 27316 | Elf:3    | Identified the ring of Loawass {Ice Dex+7} (You took it off a deep elf annihilator on level 3 of the Elven Halls)
 27432 | Elf:3    | Received a gift from Trog
 27670 | Elf:3    | Got a wavering marble ring
 27671 | Elf:3    | Identified the ring "Soycoin" {Wiz MP+9} (You found it on level 3 of the Elven Halls)
 27901 | Elf:3    | Got a pair of scorched gloves
 27907 | Elf:3    | Identified the cursed +0 pair of gloves of Jeataw {Int+3} (You found it on level 3 of the Elven Halls)
 28072 | Elf:2    | Received a gift from Trog
 28323 | Spider:1 | Entered Level 1 of the Spider Nest
 28503 | Spider:1 | Upgraded the game from 0.17-a0-1945-gfe993df to 0.17-a0-1949-g1acca9a
 28739 | Spider:1 | Gained mutation: You passively map a large area around you. [Deep Dwarf growth]
 28739 | Spider:1 | Reached XP level 18. HP: 118/136 MP: 18/18
 29461 | Spider:2 | Noticed Norris
 29512 | Spider:2 | Killed Norris
 29512 | Spider:2 | Reached skill level 18 in Dodging
 31386 | Spider:3 | Got a faintly glowing cloak
 31392 | Spider:3 | Identified the cursed -3 cloak "Fydghoro" {rF+ rC- Dex+10 Stlth+} (You found it on level 3 of the Spider Nest)
 31565 | D:10     | Entered Level 10 of the Dungeon
 32256 | D:11     | Noticed Sonja
 32302 | D:11     | Killed Sonja
 32611 | D:11     | Received a gift from Trog
 33484 | D:13     | Lost mutation: You have a pair of small antennae on your head. [mutagenic meat]
 33486 | D:13     | Gained mutation: You are partially covered in rugged brown scales (AC +1, +3% HP). [mutagenic meat]
 33487 | D:13     | Gained mutation: Your muscles are very strong. (Str +4) [mutagenic meat]
 33545 | D:13     | Noticed Maurice
 33552 | D:13     | Killed Maurice
 34029 | D:13     | Found a gate to the Vaults.
 34288 | Vaults:1 | Entered Level 1 of the Vaults
 35192 | Vaults:1 | Received a gift from Trog
 35258 | Vaults:1 | Reached XP level 19. HP: 135/146 MP: 19/19
 36174 | D:14     | Received a gift from Trog
 36195 | D:14     | Got a slimy battleaxe {god gift}
 36208 | D:14     | Identified the +2 battleaxe of the Shoals {freeze, Dex+7} (Trog gifted it to you on level 14 of the Dungeon)
 36414 | D:14     | Found a glowing golden altar of the Shining One.
 36612 | D:15     | Entered Level 15 of the Dungeon
 36621 | D:15     | Reached skill level 19 in Dodging
 36840 | D:15     | Found a staircase to the Depths.
 36960 | D:15     | Found Dethrix's Food Shoppe.
 37338 | D:15     | Identified a scroll of acquirement
 37520 | Depths:1 | Entered Level 1 of the Depths
 37520 | Depths:1 | Found Jaonuram's Weapon Shop.
 37742 | Depths:1 | Received a gift from Trog
 37959 | Depths:1 | Found a gateway to Hell.
 38085 | Depths:1 | Found a one-way gate leading to the halls of Pandemonium.
 38316 | Depths:1 | Received a gift from Trog
 38615 | Depths:1 | Found a sparkling altar of Nemelex Xobeh.
 38650 | Depths:1 | Reached XP level 20. HP: 154/154 MP: 20/20
 39175 | Depths:1 | Got a pitted ring mail
 39181 | Depths:1 | Identified the +1 ring mail "Ituriq" {Str+2} (You found it on level 1 of the Depths)
 39915 | Depths:2 | Noticed a caustic shrike
 39916 | Depths:2 | Noticed a caustic shrike
 39923 | Depths:2 | Noticed a caustic shrike
 39961 | Depths:2 | Killed a caustic shrike
 39961 | Depths:2 | Received a gift from Trog
 39985 | Depths:2 | Killed a caustic shrike
 40005 | Depths:2 | Killed a caustic shrike
 40005 | Depths:2 | Reached skill level 20 in Dodging
 40869 | Depths:2 | Got a brightly glowing plate armour
 40875 | Depths:2 | Identified the cursed +1 plate armour of Vanity {rF+} (You found it on level 2 of the Depths)
 41105 | Depths:2 | Found a portal to a secret trove of treasure.
 41225 | Depths:2 | Noticed a caustic shrike
 41229 | Depths:2 | Noticed a caustic shrike
 41231 | Depths:2 | Reached XP level 21. HP: 145/160 MP: 21/21
 41236 | Depths:2 | Noticed a caustic shrike
 41268 | Depths:2 | Noticed a caustic shrike
 41271 | Depths:2 | Noticed a caustic shrike
 41645 | Depths:1 | Killed a caustic shrike
 41651 | Depths:1 | Got an iridescent quarterstaff
 41658 | Depths:1 | Identified the +6 quarterstaff of Esueseu {drain, rC+ MP+9 Int+3} (You found it on level 1 of the Depths)
 41684 | Depths:1 | Killed a caustic shrike
 41700 | Depths:1 | Killed a caustic shrike
 41822 | Depths:1 | Killed a caustic shrike
 41827 | Depths:1 | Killed a caustic shrike
 41944 | Depths:2 | Received a gift from Trog
 42440 | Depths:3 | Noticed Jory
 42468 | Depths:3 | Noticed Jorgrun
 42556 | Depths:2 | Killed Jory
 42579 | Depths:3 | Killed Jorgrun
 42731 | Depths:3 | Found a sacrificial altar of Ru.
 42732 | Depths:3 | Found an ancient bone altar of Kikubaaqudgha.
 42732 | Depths:3 | Found a glowing golden altar of the Shining One.
 43157 | Depths:3 | Noticed Xtahua
 43172 | Depths:3 | Killed Xtahua
 43224 | Depths:3 | Reached skill level 21 in Dodging
 43400 | Depths:3 | Noticed a juggernaut
 43428 | Depths:3 | Killed a juggernaut
 43428 | Depths:3 | Reached XP level 22. HP: 132/173 MP: 22/22
 43627 | Depths:3 | Reached skill level 5 in Fighting
 43974 | Depths:4 | Found a corrupted altar of Lugonu.
 44136 | Depths:4 | Found a one-way gate to the infinite horrors of the Abyss.
 45236 | Depths:4 | Voluntarily entered the Abyss.
 45263 | Depths:4 | Escaped the Abyss
 45340 | Depths:4 | Reached skill level 22 in Axes
 45367 | Depths:4 | Got a heavily runed chain mail
 45373 | Depths:4 | Identified the cursed +1 chain mail of the World {SInv} (You found it on level 4 of the Depths)
 45396 | Depths:5 | Entered Level 5 of the Depths
 45467 | Depths:5 | Got a scorched plate armour
 45473 | Depths:5 | Identified the +2 plate armour of Somewhere Else {-Tele rPois rCorr} (You found it on level 5 of the Depths)
 45591 | Depths:5 | Found a gateway to a ziggurat.
 45914 | Depths:5 | Reached XP level 23. HP: 182/201 MP: 23/23
 45969 | Depths:5 | Found a gate to the Realm of Zot.
 46009 | Depths:5 | Received a gift from Trog
 46013 | Depths:5 | Reached skill level 10 in Fighting
 46983 | Spider:4 | Entered Level 4 of the Spider Nest
 47261 | Spider:4 | Received a gift from Trog
 47495 | Spider:4 | Got a gossamer rune of Zot
 48660 | Vaults:2 | Noticed Aizul
 48694 | Vaults:2 | Killed Aizul
 49017 | Vaults:2 | Reached skill level 23 in Axes
 49139 | Vaults:2 | Received a gift from Trog
 50382 | Vaults:3 | Noticed Nikola
 50417 | Vaults:3 | Killed Nikola
 50417 | Vaults:3 | Received a gift from Trog
 50472 | Vaults:3 | Found a staircase to the Crypt.
 50994 | Vaults:4 | Reached XP level 24. HP: 208/222 MP: 23/23
 51365 | Vaults:4 | Received a gift from Trog
 52188 | Vaults:4 | Reached skill level 24 in Axes
 52275 | Vaults:5 | Entered Level 5 of the Vaults
 52472 | Vaults:5 | Received a gift from Trog
 52515 | Vaults:5 | Noticed an ancient lich
 52538 | Vaults:5 | Killed an ancient lich
 52667 | Vaults:5 | Reached skill level 15 in Fighting
 52685 | Vaults:5 | Found Daut's Gadget Shoppe.
 52708 | Vaults:5 | Found Zitwerch's Jewellery Shop.
 52789 | Vaults:5 | Reached skill level 25 in Axes
 52962 | Vaults:5 | Reached XP level 25. HP: 132/241 MP: 23/23
 53356 | Vaults:5 | Found Oribb's Jewellery Shoppe.
 53516 | Vaults:5 | Got a silver rune of Zot
 53938 | Vaults:5 | Got a brightly glowing chain mail
 53944 | Vaults:5 | Identified the +2 chain mail of the Eleven Wars {rN+} (You found it on level 5 of the Vaults)
 54033 | Vaults:5 | Bought an uncursed amulet of faith for 560 gold pieces
 54033 | Vaults:5 | Bought the amulet "Telomnal" {Clar Int+5 Dex+4} for 642 gold pieces
 54613 | Depths:4 | Voluntarily entered the Abyss.
 54613 | Abyss:1  | Found a corrupted altar of Lugonu.
 55003 | Abyss:3  | Received a gift from Trog
 55442 | Abyss:3  | Paralysed by accursed screaming for 1 turns
 56113 | Abyss:3  | Reached skill level 26 in Axes
 56166 | Abyss:3  | Found a shimmering altar of Xom.
 56190 | Abyss:3  | Found a shimmering altar of Xom.
 56191 | Abyss:3  | Found a shimmering altar of Xom.
 56191 | Abyss:3  | Found a corrupted altar of Lugonu.
 56193 | Abyss:3  | Found a shimmering altar of Xom.
 56194 | Abyss:3  | Found a shimmering altar of Xom.
 56194 | Abyss:3  | Found a shimmering altar of Xom.
 56419 | Abyss:3  | Paralysed by accursed screaming for 1 turns
 56493 | Abyss:3  | Received a gift from Trog
 56539 | Abyss:3  | Found a sacrificial altar of Ru.
 56985 | Abyss:3  | Paralysed by accursed screaming for 1 turns
 57135 | Abyss:3  | Paralysed by accursed screaming for 1 turns
 57444 | Abyss:3  | Found a corrupted altar of Lugonu.
 57552 | Abyss:3  | Reached XP level 26. HP: 226/257 MP: 23/23
 58640 | Abyss:3  | Reached skill level 27 in Axes
 58981 | Abyss:3  | Found a sacrificial altar of Ru.
 59064 | Depths:4 | Escaped the Abyss
 59626 | Temple   | Entered the Ecumenical Temple
 59828 | Temple   | Fell from the grace of Trog
 59828 | Temple   | Became a worshipper of Makhleb the Destroyer
 60555 | Zot:1    | Entered Level 1 of the Realm of Zot
 60738 | Zot:1    | Acquired Makhleb's first power
 60913 | Zot:1    | Acquired Makhleb's second power
 61177 | Zot:1    | Reached skill level 1 in Invocations
 61375 | Zot:2    | Reached skill level 5 in Invocations
 61394 | Zot:2    | Acquired Makhleb's third power
 62052 | Zot:2    | Reached XP level 27. HP: 246/276 MP: 29/30
 62064 | Zot:2    | Acquired Makhleb's fourth power
 62074 | Zot:2    | Reached skill level 10 in Invocations
 62129 | Zot:2    | Cast into the Abyss (a Zot trap)
 62437 | Abyss:1  | Found a corrupted altar of Lugonu.
 62441 | Abyss:1  | Found a corrupted altar of Lugonu.
 62567 | Abyss:2  | Acquired Makhleb's fifth power
 62591 | Abyss:3  | Found a corrupted altar of Lugonu.
 62606 | Abyss:3  | Found a corrupted altar of Lugonu.
 62624 | Abyss:3  | Found a corrupted altar of Lugonu.
 62735 | Abyss:3  | Lost mutation: Your muscles are very strong. (Str +4) [a neqoxec]
 62849 | Abyss:3  | Paralysed by accursed screaming for 1 turns
 62852 | Abyss:3  | HP: 1/276 [starcursed mass/accursed screaming (15)]
 62853 | Abyss:3  | Slain by a stone giant

Vault maps used:
D:1:      lemuel_arrival_funnel
D:2:      yredelemnul_altar_generic, uniq_natasha, uniq_sigmund
D:3:      first_bread
D:4:      minmay_temple_entry_trees, eino_tiny_chamber, uniq_duvessa,
          uniq_edmund
D:5:      corexii_shack_village
D:6:      minmay_misc_feat_square, uniq_blork_the_orc, uniq_eustachio
D:7:      grunt_dithmenos_smoke_and_mirrors
D:8:      uniq_erica
D:9:      minmay_lair_entry_grove, david_orc_4, grunt_ogre_cave
D:11:     uniq_sonja
D:13:     david_vaults_4, minmay_misc_feat_roman, uniq_maurice
D:14:     tso_altar
D:15:     gammafunk_enter_depths_forms, serial_shops, nicolae_shop_trees,
          grunt_ministairs_1, minmay_brain_eaters
Temple:   grunt_circular_temple_18
Lair:1:   lemuel_fruit_fields, lemuel_fruit_fields, lemuel_fruit_fields,
          uniq_joseph, uniq_gastronok
Lair:2:   patterned_corridor, lemuel_fruit_tree
Lair:3:   dummy_spider_entry, portal_ice_cave_entry_ice_beasts,
          lab_entry_generic, grunt_megastairs_2
Lair:4:   nicolae_swamp_entry_splash_gauntlet, worms_lemuel,
          serial_bayou_shore_a, lemuel_fruit_fields
Lair:6:   minmay_slime_entry_pillars, guppyfry_lair_drakes
Lair:8:   minmay_lair_end_enchanted_forest, grunt_forest_large_clearing_hut,
          lemuel_fruit_fields
Swamp:1:  evilmike_swamp_ruin_house_5, swamp_pool4
Swamp:2:  evilmike_swamp_ruin_house_1
Swamp:3:  evilmike_swamp_ruin_rubble_2
Swamp:4:  swamp, infiniplex_staircase_pool
Spider:1: spider_trap
Spider:2: nicolae_spider_mines_3, uniq_norris
Spider:3: spiders_nest_scorpion_pit
Spider:4: grunt_spider_rune_circles
Orc:1:    basic_altar, mines_bat_river
Orc:2:    sword_in_stone, uniq_fannar, uniq_snorg
Orc:3:    special_room, basic_altar, nicolae_orc_pool_cavern
Orc:4:    pubby_orc_utopia
Elf:1:    eino_elf_arrival_the_gate, minmay_elf_demonology, uniq_louise
Elf:2:    basic_altar, minmay_misc_feat_alley, uniq_azrael
Elf:3:    grunt_elf_hall_diamonds, minmay_misc_feat_diagonals
Vaults:1: v_misc_30, nicolae_vaults_ring_of_whatevers,
          nicolae_vaults_ring_of_whatevers, v_rooms_6, vaults_room_door_hall,
          grunt_vaults_bifocal, vaults_room_pools, vaults_room_grid,
          hangedman_vaults_corner
Vaults:2: grunt_vaults_funneled_arena, v_misc_18, v_pattern_2,
          hangedman_vaults_nails, hangedman_vaults_stitches, v_misc_9,
          hangedman_vaults_cutoff, nicolae_vaults_rhombus_7,
          vaults_dpeg_encased_lava, ontoclasm_vaults_decontamination, uniq_aizul
Vaults:3: v_alt_pattern_4, ontoclasm_vaults_fault,
          nicolae_vaults_mini_display_case, v_misc_5,
          grunt_vaults_hallway_short, st_more_cells, ontoclasm_vaults_tryst,
          v_misc_30, minmay_crypt_entry_simple_corners, vaults_mumra_hexcomb,
          v_misc_11, vaults_room_fours, ontoclasm_vaults_ring_square,
          uniq_nikola
Vaults:4: st_check, vaults_room_grunt_arrival_ludios, nicolae_vaults_rhombus_7,
          v_misc_16, vaults_standard_mumra_enter_the_diamond
Vaults:5: serial_shops
Depths:1: minmay_broken_ring, nemelex_xobeh_ov_fountains_minmay, serial_shops,
          shop, grunt_pan_entry_in_and_out, hangedman_tar_grid_catacomb,
          dk_noncrumbling_4, st_stairs_1, kennysheep_generic_room_2,
          firewood_loft
Depths:2: grunt_arcs, special_room, nicolae_trove_entry_diagonal,
          roderic_curled_sauvastika, hangedman_coc_ice_floe,
          kennysheep_generic_room_12
Depths:3: hangedman_slaughterboxes, hell_entry, pan_entry, uniq_jory,
          uniq_jorgrun, uniq_xtahua
Depths:4: minmay_split_circle, abyss_entry_flame_altar,
          serial_sigils_hangedman_scar, hell_entry
Depths:5: evilmike_zot_entry_round, enter_ziggurat_c,
          nicolae_abyss_entry_one_way_or_another, hell_entry
Zot:2:    nicolae_zot_crop_circle
Abyss:1:  abyss_furniture_001
Lab:      labyrinth_watery, nicolae_lab_arrow, nicolae_lab_grate,
          labyrinth_fake_exit, nicolae_lab_very_dead_end,
          labyrinth_skeletal_remains

Action                   |  1- 3 |  4- 6 |  7- 9 | 10-12 | 13-15 | 16-18 | 19-21 | 22-24 | 25-27 || total
-------------------------+-------+-------+-------+-------+-------+-------+-------+-------+-------++-------
Melee: Hand axe          |    62 |   232 |   715 |   134 |       |  1091 |  2091 |  1528 |  2839 ||  8692
       Falchion          |       |       |   126 |   473 |       |       |       |       |       ||   599
       War axe           |       |       |       |   202 |  1502 |  1142 |   577 |   886 |       ||  4309
       Scimitar          |       |       |       |       |   164 |     8 |       |       |       ||   172
       Dagger            |       |       |       |       |       |       |    29 |       |       ||    29
       Quarterstaff      |       |       |       |       |       |       |     4 |       |       ||     4
Throw: Tomahawk          |       |       |       |     6 |       |       |       |       |       ||     6
Invok: Berserk           |     1 |     1 |     5 |     8 |     3 |       |       |       |       ||    18
       Trog's Hand       |       |     5 |    25 |    53 |    74 |    45 |    67 |    49 |    52 ||   370
       Burn Spellbooks   |       |       |       |     2 |     1 |     6 |       |       |     1 ||    10
       Brothers in Arms  |       |       |       |       |     1 |       |     3 |     1 |       ||     5
 Abil: Evoke Flight      |       |       |       |       |       |     3 |       |       |     1 ||     4
       Stop Flying       |       |       |       |       |       |       |       |     1 |       ||     1
Evoke: Wand              |     3 |     2 |     7 |    26 |    20 |     2 |     7 |     3 |     5 ||    75
       Deck              |       |       |       |     2 |     4 |       |       |       |       ||     6
       Rod               |       |       |       |       |     4 |       |       |       |       ||     4
  Use: Scroll            |       |       |     7 |    16 |    15 |    13 |    13 |    10 |     4 ||    78
       Potion            |       |       |       |     6 |     5 |     1 |       |     2 |       ||    14
 Stab: Sleeping          |     2 |       |     1 |       |       |       |       |       |       ||     3
       Distracted        |       |       |       |     3 |     1 |       |       |     1 |     3 ||     8
       Invisible         |       |       |       |       |     2 |       |       |       |       ||     2
       Confused          |       |       |       |       |       |       |     4 |       |       ||     4
  Eat: Chunk             |       |     5 |    29 |    53 |    50 |    56 |    40 |    41 |    38 ||   312
       Fruit             |       |       |     1 |     1 |     4 |     3 |     2 |       |     8 ||    19
       Pizza             |       |       |     1 |       |       |       |       |       |       ||     1
       Meat ration       |       |       |       |       |       |       |       |       |     1 ||     1
       Royal jelly       |       |       |       |       |       |       |       |       |     1 ||     1
